AoeStats
← 啊超

African Clearing

504276858Analyzed
4v4 RM · 27d ago on Sep 4, 2026· 55m 0s· 8 players
Game mode
Random Map
Map size
Large (8 player)
Population
200
Speed
Normal
Resources
Standard
Victory
Conquest
Starting age
Dark Age
Ending age
Imperial Age
RankedLock teamsTeams togetherTeam positionsShared explorationLock speedFull tech treeHidden civsTurbo modeCheats
Victory
Defeat
🇺🇸 Franks · United States
1030
+15
🇬🇧 Britons · United Kingdom
1013
+16
🇷🇴 Tatars · Romania
995
+17
🇷🇴 Mongols · Romania
985
+17
🇨🇳 Ethiopians · China
1085
-20
🇺🇸 Poles · United States
987
-15
🇲🇽 Celts · Mexico
986
-15
🇨🇳 Franks · China
976
-15
aegilello
5:02 Loom
15:01 Feudal Age
21:20 Castle Age
20:10 Double-Bit Axe
22:09 Wheelbarrow
30:49 Stone Mining
30:51 Gold Mining
31:23 Bow Saw
31:55 Hand Cart
31:27 Town Watch
35:43 Imperial Age
36:01 Husbandry
36:05 Squires
35:54 Arson
36:27 Forging
36:23 Scale Barding Armor
36:19 Scale Mail Armor
36:27 Cavalier
37:57 Gold Shaft Mining
37:48 Paladin
39:21 Iron Casting
39:07 Chain Barding Armor
39:03 Chain Mail Armor
38:52 Chivalry
41:08 Blast Furnace
41:37 Plate Barding Armor
40:27 Pikeman
42:32 Murder Holes
42:59 Ballistics
43:41 Chemistry
42:09 Halberdier
43:29 Elite Throwing Axeman
44:35 #83
44:54 Hoardings
44:41 Conscription
47:18 Plate Mail Armor
53:25 Fletching
53:49 Siege Engineers
ImPacT_WiZarD
3:46 Loom
15:32 Feudal Age
20:52 Castle Age
19:21 Double-Bit Axe
19:37 Horse Collar
20:01 Gold Mining
21:32 Wheelbarrow
23:09 Hand Cart
22:58 Fletching
23:09 Padded Archer Armor
24:27 Bow Saw
25:57 Ballistics
25:57 Leather Archer Armor
26:04 Bodkin Arrow
33:23 Imperial Age
31:29 Stone Mining
32:15 Gold Shaft Mining
34:24 Bracer
34:54 Ring Archer Armor
35:09 Yeomen
37:22 Conscription
40:38 Two-Man Saw
40:53 Ring Archer Armor
42:56 Chemistry
43:23 Masonry
45:33 Elite Longbowman
Legend Killer
4:56 Loom
14:06 Feudal Age
20:22 Castle Age
18:48 Double-Bit Axe
23:35 Bow Saw
30:43 Imperial Age
28:52 Wheelbarrow
30:07 Fletching
30:18 Padded Archer Armor
30:21 Murder Holes
31:22 Hand Cart
31:16 Bodkin Arrow
32:12 Bracer
33:42 Ballistics
34:21 Conscription
35:05 Leather Archer Armor
36:46 Chemistry
37:47 Conscription
37:30 Onager
39:33 Elite Mangudai
42:38 Siege Onager
49:22 Drill
49:56 Siege Engineers
numba one
4:38 Loom
13:36 Feudal Age
14:24 Horse Collar
20:58 Castle Age
36:40 Town Watch
48:09 Imperial Age
46:17 Wheelbarrow
45:55 Gold Mining
46:13 Silk Armor
48:12 Elite Keshik
49:18 Conscription
51:38 Bloodlines
51:54 Scale Barding Armor
52:05 Husbandry
52:30 Forging
53:01 Chain Barding Armor
53:46 Iron Casting
54:49 Plate Barding Armor
56:33 Blast Furnace
Silicio14Si
13:28 Loom
17:50 Feudal Age
21:47 Man-at-Arms
24:47 Forging
26:14 Scale Mail Armor
31:38 Double-Bit Axe
32:02 Horse Collar
35:03 Castle Age
33:41 Arson
35:20 Gold Mining
36:12 Wheelbarrow
37:39 Iron Casting
37:21 Chain Mail Armor
37:49 Heavy Plow
38:02 Bow Saw
41:41 Imperial Age
41:21 Hand Cart
40:45 Pikeman
42:17 Heavy Scorpion
45:11 Furor Celtica
47:22 Chemistry
marwenskio
8:37 Loom
18:15 Feudal Age
24:44 Castle Age
34:45 Wheelbarrow
35:56 Light Cavalry
36:46 Bloodlines
37:54 Hand Cart
40:35 Husbandry
42:17 Scale Barding Armor
42:04 Horse Collar
42:38 Pikeman
43:19 Squires
43:04 Arson
43:26 Double-Bit Axe
43:58 Town Watch
44:49 Heavy Plow
45:03 Bow Saw
44:47 Gold Mining
46:45 Chain Barding Armor
46:36 Forging
53:00 Imperial Age
50:35 Town Patrol
53:01 Winged Hussar
ydyk123
15:47 Feudal Age
16:31 Double-Bit Axe
20:20 Castle Age
21:29 Bow Saw
21:21 Stone Mining
24:00 Loom
33:20 Imperial Age
32:10 Wheelbarrow
32:24 Gold Mining
33:30 Hand Cart
33:19 Pikeman
34:00 Squires
34:06 Cavalier
34:46 Husbandry
34:11 Halberdier
36:20 Chemistry
36:30 Gold Shaft Mining
35:39 Elite Skirmisher
37:25 Fletching
37:35 Padded Archer Armor
38:06 Bodkin Arrow
39:28 Ballistics
40:04 Forging
39:59 Scale Barding Armor
40:12 Leather Archer Armor
39:57 Scale Mail Armor
40:25 Conscription
40:40 Hoardings
40:29 Arson
43:07 Iron Casting
42:49 Chain Mail Armor
42:56 Chain Barding Armor
44:36 Plate Mail Armor
45:07 Blast Furnace
44:45 Plate Barding Armor
啊超
9:19 Loom
16:29 Feudal Age
23:09 Castle Age
23:40 Crossbowman
23:48 Crossbowman
27:47 Thumb Ring
29:55 Elite Skirmisher
40:23 Imperial Age
39:15 Fletching
40:37 Bodkin Arrow
40:56 Arbalester
Connection lost

Rejoining the realm…

Still unreachable

The connection could not be restored.

Session expired

The server has moved on; the page needs a fresh start.